 Dungeon Crawl Stone Soup version 0.28.0 (webtiles) character file.

Game seed: 18281350649784150245

324 crazypyro the Chopper (level 6, 0/52 HPs)
             Began as a Minotaur Fighter on Feb 9, 2022.
             Slain by a wight (4 damage)
             ... on level 3 of the Dungeon.
             The game lasted 00:02:35 (2894 turns).

crazypyro the Chopper (Minotaur Fighter)            Turns: 2894, Time: 00:02:36

Health: 0/52       AC: 10    Str: 22    XL:     6   Next: 23%
Magic:  5/5        EV:  9    Int:  5    God:
Gold:   30         SH:  4    Dex: 10    Spells: 5/5 levels left

rFire   . . .      SeeInvis .   j - +0 hand axe (flame)
rCold   . . .      Faith    .   c - +0 buckler
rNeg    . . .      Spirit   .   b - +0 scale mail
rPois   .          Reflect  .   (helmet restricted)
rElec   .          Harm     .   (no cloak)
rCorr   .          Rampage  .   (no gloves)
Will    .....                   i - +2 pair of boots
Stlth   ..........              (no amulet)
HPRegen 0.17/turn               (no ring)
MPRegen 0.09/turn               (no ring)

@: no status effects
A: horns 2, retaliatory headbutt
a: no special abilities


You were on level 3 of the Dungeon.
You visited 1 branch of the dungeon, and saw 4 of its levels.

You collected 30 gold pieces.

Inventory:

Hand Weapons
 a - a +0 war axe
 j - a +0 hand axe of flaming (weapon)
Armour
 b - a +0 scale mail (worn)
 c - a +0 buckler (worn)
 i - a +2 pair of boots (worn)
Jewellery
 l - a ring of positive energy
Wands
 m - a wand of iceblast (5)
Scrolls
 e - a scroll of blinking {unknown}
 g - a scroll of identify {unknown}
 n - a scroll of amnesia {unknown}
Potions
 d - a potion of might
 f - a potion of brilliance {unknown}
 h - a potion of invisibility {unknown}
 k - a potion of attraction {unknown}


   Skills:
 - Level 4.0 Fighting
 * Level 7.5 Axes
 - Level 4.0 Armour
 - Level 4.0 Shields


You had 5 spell levels left.
You didn't know any spells.
Your spell library contained the following spells:

 Spells                   Type           Power      Damage    Failure   Level
 Ensorcelled Hibernation  Hex/Ice        0%         N/A       95%         2
 Passwall                 Tmut/Erth      0%         N/A       95%         2
 Swiftness                Air            0%         N/A       99%         3


Dungeon Overview and Level Annotations

Branches:
Dungeon (4/15)
 Temple: D:4-7

Altars:

Shops:
D:3 (


Innate Abilities, Weirdness & Mutations

You have a pair of horns on your head.
You reflexively headbutt those who attack you in melee.


Message History

The wight freezes you. The adder barely misses you. You furiously retaliate!
You headbutt the adder! The wight hits you with a +3 falchion.
You block the wight's attack.
The wight hits you with a +4 short sword of freezing.
The wight freezes you.
There is a stone staircase leading up here.
The adder bites you but does no damage. The wight barely misses you.
You furiously retaliate!
You headbutt the wight! The wight closely misses you.
You block the adder's attack.
The wight hits you with a +4 short sword of freezing.
The wight freezes you.
You climb upwards.
There is a stone staircase leading down here.
You barely miss the adder. Your headbutt misses the adder.
The adder is almost dead.
You hit the wight. You burn the wight. You slash the wight! You burn the wight.
You destroy the wight!
You completely miss the wight. The wight hits you with a +3 falchion.
You block the adder's attack.
The wight hits you with a +4 short sword of freezing!
You feel drained. The wight freezes you.
Your life force feels restored.
You are too injured to fight recklessly!
You are too injured to fight recklessly!
You barely miss the adder.
The adder is almost dead.
You hit the wight but do no damage. x2; You block the adder's attack.
The wight hits you with a +3 falchion. The wight misses you.
You barely miss the adder. You headbutt the adder.
You kill the adder!
You hit the wight. You burn the wight. You hit the wight but do no damage.
The wight completely misses you.
Unknown command.
You hit the wight but do no damage. x2
The wight hits you with a +4 short sword of freezing!
* * * LOW HITPOINT WARNING * * *
The wight freezes you.
* * * LOW HITPOINT WARNING * * *
The wight hits you with a +3 falchion.
You die...

#.......#####.....#
#.......'..........
####.......#####......
##.###'##########......
##...##.##..............
#.....#.##.....#...#.#..
###†....#.##......#.#...#.
#.......#'##...#...#.....#
#†##.†.##@z.....#..#.....#
#.###.###z)..#...###.....#
#.# ####......#..#..#...#.
#.#####........###...#.#..
#.............#...#...#...
############.#.....#..#..#
#.........#####.
#..#.....#..#..#
#...#)..#...#(..


You could see 2 wights.

Vanquished Creatures
  A vampire bat (D:3)
  A wight (D:3)
  A hound (D:3)
  An orc priest (D:2)
  2 orc wizards
  5 adders
  A worm (D:2)
  A dart slug (D:2)
  8 orcs
  5 ball pythons
  5 endoplasms
  3 giant cockroaches
  8 goblins
  7 hobgoblins
  3 jackals (D:3)
  2 quokkas (D:2)
  10 bats
  3 frilled lizards
  5 kobolds
  4 rats
76 creatures vanquished.

Notes
Turn   | Place    | Note
-------+----------+-------------------------------------------
     0 | D:1      | crazypyro the Minotaur Fighter began the quest for the Orb.
     0 | D:1      | Reached XP level 1. HP: 19/19 MP: 0/0
   119 | D:1      | Reached XP level 2. HP: 27/27 MP: 1/1
   239 | D:1      | Found a faded altar of an unknown god.
   282 | D:1      | Reached skill level 3 in Axes
   773 | D:2      | Reached XP level 3. HP: 33/33 MP: 2/2
  1083 | D:2      | Reached skill level 4 in Axes
  1416 | D:2      | Reached XP level 4. HP: 40/40 MP: 3/3
  1742 | D:2      | Reached skill level 5 in Axes
  1958 | D:3      | Reached XP level 5. HP: 46/46 MP: 4/4
  1962 | D:3      | Found Hogokh's Weapon Shop.
  2156 | D:3      | Reached skill level 6 in Axes
  2868 | D:3      | Reached skill level 7 in Axes
  2868 | D:3      | Reached XP level 6. HP: 50/52 MP: 5/5
  2894 | D:3      | Slain by a wight

Illustrated notes

Levels and vault maps discovered:
D:1:      amcnicky_arrival_abandoned_market, layout_basic,
          ebering_ecumenical_altar_sacrificial
D:2:      layout_basic, kennysheep_small_spiral
D:3:      layout_basic, serial_shops, shop, roderic_batcave, chequers_big_river,
          minmay_splitting_lines, minmay_misc_feat_ornament,
          lemuel_another_geyser
D:4:      layout_basic, kennysheep_little_box, cheibrodos_sewer_entry_bend

Skill      XL: |  1  2  3  4  5 |
---------------+----------------+-----
Axes           | 3 4 5 7 |  7.5
Fighting       | 4 |  4.0
Armour         | 4 |  4.0
Shields        | 4 |  4.0

Action                   |  1- 3 |  4- 6 || total
-------------------------+-------+-------++-------
Melee: War axe           |    74 |    16 ||    90
       Headbutt          |    11 |     7 ||    18
       Hand axe          |       |    73 ||    73
Armor: Scale mail        |    31 |    52 ||    83
Dodge: Dodged            |    29 |    58 ||    87
Block: Buckler           |    15 |    30 ||    45
